PUB
PUERTO RICO HURRICANES @ HOLLYWOOD STARS
05/04/1972
 
TOP OF THE 1ST
Puerto Rico Hurricanes batting - Pitching for Hollywood Stars : RHP David López
Pitching: RHP David López
Batting: RHB Chris Green 0-0: Foul Ball, location: 25F
0-1: Ball
1-1: Ball
2-1: Foul Ball, location: 2F
2-2: SOLO HOME RUN (Flyball, 89XD, EV 106.9 MPH), Distance : 418 ft
Batting: LHB Terry Zimmerman 0-0: Ball
1-0: Swinging Strike
1-1: Swinging Strike
1-2: Strikes out swinging
Batting: RHB Steve Scott 0-0: Ball
1-0: Ball
2-0: Fly out, F6 (Flyball, 56D, EV 87.5 MPH)
Batting: SHB Miguel Carrasco 0-0: Swinging Strike
0-1: SOLO HOME RUN (Flyball, 9LD, EV 93.8 MPH), Distance : 337 ft
Batting: SHB Ted Simmons 0-0: Ball
1-0: Ball
2-0: Called Strike
2-1: Swinging Strike
2-2: Foul Ball, location: 7LMF
2-2: Foul Ball, location: 7LSF
2-2: Strikes out swinging
Top of the 1st over - 2 runs, 2 hits, 0 errors, 0 left on base; Puerto Rico 2 - Hollywood 0
BOTTOM OF THE 1ST
Hollywood Stars batting - Pitching for Puerto Rico Hurricanes : LHP Alfonso Vega
Pitching: LHP Alfonso Vega
Batting: SHB Tetsuhiko Harada 0-0: Foul Ball, location: 9LMF
0-1: Ball
1-1: Ground out 6-3 (Groundball, 6, EV 105.6 MPH)
Batting: RHB Anthony Townsend 0-0: Ball
1-0: Foul Ball, location: 3F
1-1: Foul Ball, location: 2F
1-2: Strikes out swinging
Batting: RHB Brian Fowler 0-0: Foul Ball, location: 7LDF
0-1: Ground out 4-3 (Groundball, 4S, EV 66.9 MPH)
Bottom of the 1st over - 0 runs, 0 hits, 0 errors, 0 left on base; Puerto Rico 2 - Hollywood 0
TOP OF THE 2ND
Puerto Rico Hurricanes batting - Pitching for Hollywood Stars : RHP David López
Batting: RHB Alfonso Santana 0-0: Foul Ball, location: 9LMF
0-1: Ground out 3-1 (Groundball, 34, EV 80.6 MPH)
Batting: RHB Rintaro Kichida 0-0: Called Strike
0-1: Called Strike
0-2: Ball
1-2: Strikes out swinging
Batting: RHB Woody Frazier 0-0: Ball
1-0: Ground out 4-3 (Groundball, 4, EV 98.8 MPH)
Top of the 2nd over - 0 runs, 0 hits, 0 errors, 0 left on base; Puerto Rico 2 - Hollywood 0
BOTTOM OF THE 2ND
Hollywood Stars batting - Pitching for Puerto Rico Hurricanes : LHP Alfonso Vega
Batting: LHB John O'Rourke 0-0: Called Strike
0-1: Ball
1-1: Swinging Strike
1-2: Strikes out swinging
Batting: LHB Jimmie Hall 0-0: Ball
1-0: Ball
2-0: Ground out 4-3 (Groundball, 4, EV 75.0 MPH)
Batting: RHB Arturo Gonzáles 0-0: Ball
1-0: Called Strike
1-1: Foul Ball, location: 2F
1-2: Ball
2-2: Foul Ball, location: 9LMF
2-2: Strikes out swinging
Bottom of the 2nd over - 0 runs, 0 hits, 0 errors, 0 left on base; Puerto Rico 2 - Hollywood 0
TOP OF THE 3RD
Puerto Rico Hurricanes batting - Pitching for Hollywood Stars : RHP David López
Batting: LHB Alfonso Vega 0-0: Called Strike
0-1: Ball
1-1: Foul Ball, location: 7LSF
1-2: Ball
2-2: Foul Ball, location: 7LMF
2-2: Ball
3-2: SINGLE (Groundball, 4MD, EV 95.0 MPH)
Batting: RHB Chris Green 0-0: Bunted foul
0-1: Ball
1-1: Ball
2-1: Bunt missed!
2-2: 2-RUN HOME RUN (Flyball, 78XD, EV 110.6 MPH), Distance : 443 ft
Batting: LHB Terry Zimmerman 0-0: Swinging Strike
0-1: Ball
1-1: SOLO HOME RUN (Flyball, 89XD, EV 103.1 MPH), Distance : 425 ft
Batting: RHB Steve Scott 0-0: Ball
1-0: Ball
2-0: Called Strike
2-1: Called Strike
2-2: Foul Ball, location: 2F
2-2: Strikes out swinging
Batting: SHB Miguel Carrasco 0-0: Called Strike
0-1: Called Strike
0-2: DOUBLE (Flyball, 78XD, EV 99.4 MPH)
Batting: SHB Ted Simmons 0-0: Ball
1-0: Ball
2-0: Ball
3-0: Called Strike
3-1: Called Strike
3-2: Strikes out swinging
Batting: RHB Alfonso Santana 0-0: Called Strike
0-1: Swinging Strike
0-2: Strikes out swinging
Top of the 3rd over - 3 runs, 4 hits, 0 errors, 1 left on base; Puerto Rico 5 - Hollywood 0
BOTTOM OF THE 3RD
Hollywood Stars batting - Pitching for Puerto Rico Hurricanes : LHP Alfonso Vega
Batting: LHB Tim McCarver 0-0: Foul Ball, location: 2F
0-1: Foul Ball, location: 2F
0-2: Ball
1-2: Strikes out swinging
Batting: LHB Eugene Williams 0-0: Called Strike
0-1: Called Strike
0-2: Ball
1-2: Strikes out looking
Batting: SHB David López 0-0: Swinging Strike
0-1: Ball
1-1: Called Strike
1-2: SINGLE (Groundball, 6MD, EV 104.4 MPH)
Batting: SHB Tetsuhiko Harada 0-0: Ball
1-0: Ball
2-0: Ball
3-0: Base on Balls
David López to second
Batting: RHB Anthony Townsend 0-0: Ball
1-0: Fly out, F7 (Flyball, 7LS, EV 97.5 MPH)
Bottom of the 3rd over - 0 runs, 1 hit, 0 errors, 2 left on base; Puerto Rico 5 - Hollywood 0
TOP OF THE 4TH
Puerto Rico Hurricanes batting - Pitching for Hollywood Stars : RHP David López
Batting: RHB Rintaro Kichida 0-0: Fly out, F9 (Flyball, 89D, EV 103.1 MPH)
Batting: RHB Woody Frazier 0-0: SINGLE (Groundball, P, EV 88.1 MPH) (infield hit)
Batting: LHB Alfonso Vega 0-0: Bunted foul
0-1: Sac Bunt to 23 - play at first, batter OUT! 3-4
Woody Frazier to second
Batting: RHB Chris Green 0-0: Swinging Strike
0-1: Swinging Strike
0-2: Strikes out swinging
Top of the 4th over - 0 runs, 1 hit, 0 errors, 1 left on base; Puerto Rico 5 - Hollywood 0
BOTTOM OF THE 4TH
Hollywood Stars batting - Pitching for Puerto Rico Hurricanes : LHP Alfonso Vega
Batting: RHB Brian Fowler 0-0: SINGLE (Groundball, 6MD, EV 105.0 MPH)
Batting: LHB John O'Rourke 0-0: Called Strike
0-1: Called Strike
0-2: Ball
1-2: Foul Ball, location: 7LSF
1-2: Fly out, F9 (Line Drive, 9, EV 104.4 MPH)
Batting: LHB Jimmie Hall 0-0: SINGLE (Line Drive, 78S, EV 107.5 MPH)
Brian Fowler to second
Batting: RHB Arturo Gonzáles 0-0: Ball
1-0: Foul Ball, location: 5SF
1-1: Ball
2-1: DOUBLE (Flyball, 8LD, EV 108.8 MPH)
Brian Fowler scores
Jimmie Hall to third
Batting: LHB Tim McCarver 0-0: Called Strike
0-1: Ball
1-1: SINGLE (Groundball, 6MD, EV 96.3 MPH)
Jimmie Hall scores
Arturo Gonzáles to third
Runner from 3rd tries for Home, SAFE, throw by CF to home
Batting: LHB Eugene Williams 0-0: Called Strike
0-1: Fly out, F7 (Flyball, 78S, EV 73.8 MPH)
Batting: SHB David López 0-0: Called Strike
0-1: Foul Ball, location: 9LSF
0-2: Foul Ball, location: 23F
0-2: Ball
1-2: Ball
2-2: Foul Ball, location: 2F
2-2: Strikes out swinging
Bottom of the 4th over - 3 runs, 4 hits, 0 errors, 1 left on base; Puerto Rico 5 - Hollywood 3
TOP OF THE 5TH
Puerto Rico Hurricanes batting - Pitching for Hollywood Stars : RHP David López
Batting: LHB Terry Zimmerman 0-0: Ball
1-0: Called Strike
1-1: Ball
2-1: Swinging Strike
2-2: Strikes out swinging
Batting: RHB Steve Scott 0-0: SINGLE (Line Drive, 8LS, EV 88.8 MPH)
Batting: SHB Miguel Carrasco 0-0: Ball
1-0: Ball
2-0: Ball
3-0: Base on Balls
Steve Scott to second
Batting: SHB Ted Simmons 0-0: Ball
1-0: Called Strike
1-1: Foul Ball, location: 2F
1-2: Strikes out looking
Batting: RHB Alfonso Santana 0-0: Ball
1-0: Swinging Strike
1-1: Ball
2-1: Ball
3-1: Base on Balls
Steve Scott to third
Miguel Carrasco to second
Batting: RHB Rintaro Kichida 0-0: Ground out 1-3 (Groundball, 13, EV 67.5 MPH)
Top of the 5th over - 0 runs, 1 hit, 0 errors, 3 left on base; Puerto Rico 5 - Hollywood 3
BOTTOM OF THE 5TH
Hollywood Stars batting - Pitching for Puerto Rico Hurricanes : LHP Alfonso Vega
Batting: SHB Tetsuhiko Harada 0-0: Called Strike
0-1: Foul Ball, location: 3F
0-2: Strikes out looking
Batting: RHB Anthony Townsend 0-0: SOLO HOME RUN (Flyball, 7D, EV 100.6 MPH), Distance : 406 ft
Batting: RHB Brian Fowler 0-0: Ball
1-0: Foul Ball, location: 2F
1-1: Foul Ball, location: 2LF
1-2: Foul Ball, location: 2F
1-2: Ball
2-2: Foul Ball, location: 9LMF
2-2: Foul Ball, location: 2LF
2-2: SINGLE (Groundball, 56D, EV 96.9 MPH)
Batting: LHB John O'Rourke 0-0: Fly out, F6 (Popup, 6MS, EV 76.3 MPH)
Batting: LHB Jimmie Hall 0-0: Ball
1-0: Ball
2-0: Called Strike
2-1: SINGLE (Line Drive, 4M, EV 96.3 MPH)
Brian Fowler to second
Runner from 2nd tries for 3rd, SAFE, no throw by CF
Batting: RHB Arturo Gonzáles 0-0: Ball
1-0: Ground out 4-3 (Groundball, 34, EV 85.0 MPH)
Bottom of the 5th over - 1 run, 3 hits, 0 errors, 2 left on base; Puerto Rico 5 - Hollywood 4
TOP OF THE 6TH
Puerto Rico Hurricanes batting - Pitching for Hollywood Stars : RHP David López
Batting: RHB Woody Frazier 0-0: Foul Ball, location: 5FF
0-1: Fly out, F8 (Flyball, 89M, EV 91.9 MPH)
Batting: LHB Alfonso Vega 0-0: Ball
1-0: Ball
2-0: Swinging Strike
2-1: Foul Ball, location: 7LDF
2-2: SINGLE (Groundball, 56D, EV 95.6 MPH)
Batting: RHB Chris Green 0-0: Ball
1-0: Called Strike
1-1: Fielders Choice at 2nd, 1-6 (Groundball, 13, EV 61.3 MPH)
Batting: LHB Terry Zimmerman 0-0: Ball
Chris Green steals 2nd base
1-0: Ball
2-0: Ground out U3 (Groundball, 34S, EV 64.4 MPH)
Top of the 6th over - 0 runs, 1 hit, 0 errors, 1 left on base; Puerto Rico 5 - Hollywood 4
BOTTOM OF THE 6TH
Hollywood Stars batting - Pitching for Puerto Rico Hurricanes : LHP Alfonso Vega
Batting: LHB Tim McCarver 0-0: Ball
1-0: Called Strike
1-1: Ball
2-1: Ball
3-1: Foul Ball, location: 2F
3-2: SINGLE (Line Drive, 9S, EV 104.4 MPH)
Batting: LHB Eugene Williams 0-0: Foul Ball, location: 2F
0-1: Foul Ball, location: 2F
0-2: Ball
Pickoff Throw to First - Out! 1-3
1-2: Ball
2-2: Ball
3-2: Ground out 4-3 (Groundball, 34, EV 85.0 MPH)
Batting: SHB David López 0-0: Fly out, F8 (Flyball, 8LD, EV 95.0 MPH)
Bottom of the 6th over - 0 runs, 1 hit, 0 errors, 0 left on base; Puerto Rico 5 - Hollywood 4
TOP OF THE 7TH
Puerto Rico Hurricanes batting - Pitching for Hollywood Stars : RHP David López
Batting: RHB Steve Scott 0-0: Ball
1-0: Ball
2-0: Called Strike
2-1: Called Strike
2-2: Foul Ball, location: 2F
2-2: Ball
3-2: Strikes out looking
Batting: SHB Miguel Carrasco 0-0: Ground out 6-3 (Groundball, 6, EV 83.8 MPH)
Batting: SHB Ted Simmons 0-0: Ball
1-0: Ball
2-0: Swinging Strike
2-1: Called Strike
2-2: Strikes out looking
Top of the 7th over - 0 runs, 0 hits, 0 errors, 0 left on base; Puerto Rico 5 - Hollywood 4
BOTTOM OF THE 7TH
Hollywood Stars batting - Pitching for Puerto Rico Hurricanes : LHP Alfonso Vega
Batting: SHB Tetsuhiko Harada 0-0: Swinging Strike
0-1: Foul Ball, location: 2F
0-2: Foul Ball, location: 2F
0-2: Ball
1-2: Strikes out swinging
Batting: RHB Anthony Townsend 0-0: Ball
1-0: Ball
2-0: Called Strike
2-1: Foul Ball, location: 3F
2-2: Fly out, F4 (Popup, 34, EV 76.3 MPH)
Pitching: RHP Gary Nolan
Batting: RHB Brian Fowler 0-0: SINGLE (Groundball, 6D, EV 104.4 MPH)
Batting: LHB John O'Rourke 0-0: Foul Ball, location: 2RF
0-1: Ball
1-1: Ball
2-1: Ground out U3 (Groundball, 3, EV 76.3 MPH)
Bottom of the 7th over - 0 runs, 1 hit, 0 errors, 1 left on base; Puerto Rico 5 - Hollywood 4
TOP OF THE 8TH
Puerto Rico Hurricanes batting - Pitching for Hollywood Stars : RHP David López
Batting: RHB Alfonso Santana 0-0: Ball
1-0: Fly out, F9 (Line Drive, 9LM, EV 106.3 MPH)
Batting: RHB Rintaro Kichida 0-0: Called Strike
0-1: Foul Ball, location: 9LMF
0-2: Strikes out swinging
Batting: RHB Woody Frazier 0-0: Called Strike
0-1: Ball
1-1: SINGLE (Groundball, 13S, EV 68.1 MPH) (infield hit)
Batting: RHB Gary Nolan 0-0: Foul Ball, location: 9LMF
0-1: Called Strike
0-2: Ball
1-2: Foul Ball, location: 7LDF
1-2: Ball
2-2: Foul Ball, location: 25F
2-2: Ball
3-2: Strikes out swinging
Top of the 8th over - 0 runs, 1 hit, 0 errors, 1 left on base; Puerto Rico 5 - Hollywood 4
BOTTOM OF THE 8TH
Hollywood Stars batting - Pitching for Puerto Rico Hurricanes : RHP Gary Nolan
Batting: LHB Jimmie Hall 0-0: Foul Ball, location: 23FF
0-1: Foul Ball, location: 25F
0-2: Ball
1-2: Foul Ball, location: 2F
1-2: SINGLE (Groundball, 3, EV 106.9 MPH)
Pinch Hitting: LHB Ken Steele 0-0: Fly out, F9 (Flyball, 9D, EV 85.0 MPH)
Batting: LHB Tim McCarver 0-0: Called Strike
0-1: SINGLE (Line Drive, 78M, EV 91.3 MPH)
Jimmie Hall to second
Batting: LHB Eugene Williams 0-0: Called Strike
0-1: Ball
1-1: Grounds into double play, 4-6-3 (Groundball, 4, EV 86.9 MPH)
Bottom of the 8th over - 0 runs, 2 hits, 0 errors, 1 left on base; Puerto Rico 5 - Hollywood 4
TOP OF THE 9TH
Puerto Rico Hurricanes batting - Pitching for Hollywood Stars : RHP David López
Pitching: LHP Rich McMahon
Now at 3B: Paul West
Batting: RHB Chris Green 0-0: Ball
1-0: Ball
2-0: Foul Ball, location: 23F
2-1: Ball
3-1: Foul Ball, location: 5DF
3-2: Base on Balls
Batting: LHB Terry Zimmerman 0-0: Ball
Chris Green steals 2nd base (no throw)
1-0: Fly out, F9 (Flyball, 89S, EV 90.6 MPH)
Batting: RHB Steve Scott 0-0: Intentional Walk
Batting: SHB Miguel Carrasco 0-0: Ball
1-0: Ball
2-0: Foul Ball, location: 2F
2-1: Swinging Strike
2-2: Ball
3-2: Foul Ball, location: 9LMF
3-2: Foul Ball, location: 2F
3-2: Foul Ball, location: 9LSF
3-2: Strikes out swinging
Batting: SHB Ted Simmons 0-0: Ball
1-0: Foul Ball, location: 9LMF
1-1: Called Strike
1-2: Ground out 6-3 (Groundball, 6S, EV 76.9 MPH)
Top of the 9th over - 0 runs, 0 hits, 0 errors, 2 left on base; Puerto Rico 5 - Hollywood 4
BOTTOM OF THE 9TH
Hollywood Stars batting - Pitching for Puerto Rico Hurricanes : RHP Gary Nolan
Pinch Hitting: LHB Bob James 0-0: Ball
1-0: Called Strike
1-1: Fly out, F7 (Line Drive, 7, EV 96.9 MPH)
Batting: SHB Tetsuhiko Harada 0-0: Called Strike
0-1: Ball
1-1: Ground out 4-3 (Groundball, 4, EV 93.1 MPH)
Pinch Hitting: SHB Bob Hicks 0-0: SINGLE (Line Drive, 78S, EV 90.6 MPH)
Batting: RHB Brian Fowler 0-0: Swinging Strike
0-1: Ball
1-1: Ball
2-1: Ball
3-1: Base on Balls
Bob Hicks to second
Batting: LHB John O'Rourke 0-0: Ball
1-0: Called Strike
1-1: Foul Ball, location: 3F
1-2: Ball
2-2: Strikes out swinging
Bottom of the 9th over - 0 runs, 1 hit, 0 errors, 2 left on base; Puerto Rico 5 - Hollywood 4
Tuesday, March 5th , 2024 - OOTP Baseball 24.8 Build 75